| TOP OF THE 1ST |
|
New York Yankees batting - Pitching for California Angels : RHP David Smith
|
|
Pitching: RHP David Smith
|
|
|
Batting: SHB Tim Raines
|
0-0: Ball 1-0: Called Strike 1-1: Ball 2-1: Called Strike 2-2: SINGLE (Line Drive, 4MD, EV 107.5 MPH)
|
|
Batting: RHB Pedro Guerrero
|
0-0: Ball 1-0: Foul Ball, location: 2F 1-1: Fly out, F9 (Flyball, 9, EV 84.4 MPH)
|
|
Batting: LHB Wade Boggs
|
0-0: Ball Tim Raines steals 2nd base 1-0: Ball 2-0: Swinging Strike 2-1: Called Strike 2-2: DOUBLE (Flyball, 8RXD, EV 99.4 MPH) Tim Raines scores
|
|
Batting: LHB Kent Hrbek
|
0-0: Ball 1-0: Foul Ball, location: 2F 1-1: Ball 2-1: Ground out 4-3 (Groundball, 13, EV 88.8 MPH) Wade Boggs to third
|
|
Batting: RHB David Hall
|
0-0: Ball 1-0: 2-RUN HOME RUN (Flyball, 78XD, EV 96.3 MPH), Distance : 410 ft
|
|
Batting: LHB George Kaage
|
0-0: Ball 1-0: Foul Ball, location: 2F 1-1: Ball 2-1: Foul Ball, location: 2F 2-2: Ball 3-2: Foul Ball, location: 2F 3-2: Fly out, F7 (Flyball, 7, EV 90.0 MPH)
|
| Top of the 1st over - 3 runs, 3 hits, 0 errors, 0 left on base; New York 3 - California 0 |
| BOTTOM OF THE 1ST |
|
California Angels batting - Pitching for New York Yankees : RHP Steve Shields
|
|
Pitching: RHP Steve Shields
|
|
|
Batting: RHB Frank White
|
0-0: Foul Ball, location: 2F 0-1: Called Strike 0-2: Ball 1-2: Strikes out looking
|
|
Batting: RHB Jeff Atherton
|
0-0: Ball 1-0: Ground out U3 (Groundball, 34, EV 86.3 MPH)
|
|
Batting: LHB Jason D Thompson
|
0-0: Ground out 5-3 (Groundball, 5, EV 85.6 MPH)
|
| Bottom of the 1st over - 0 runs, 0 hits, 0 errors, 0 left on base; New York 3 - California 0 |
| TOP OF THE 2ND |
|
New York Yankees batting - Pitching for California Angels : RHP David Smith
|
|
Batting: RHB Emanuel Cortez
|
0-0: Ball 1-0: Called Strike 1-1: Swinging Strike 1-2: Foul Ball, location: 2F 1-2: SINGLE (Groundball, 3D, EV 95.6 MPH)
|
|
Batting: SHB Jerry Manuel
|
0-0: Called Strike 0-1: Ball 1-1: Swinging Strike 1-2: Fielders Choice at 2nd, 5-4 (Groundball, 56, EV 86.3 MPH)
|
|
Batting: LHB Ron Hassey
|
0-0: Called Strike 0-1: Ball 1-1: DOUBLE (Line Drive, 78D, EV 110.0 MPH) Jerry Manuel to third Runner from 3rd tries for Home, SAFE, throw by CF to trailing runner, OUT at third! 8-3-5
|
|
Batting: SHB Tim Raines
|
0-0: Ball 1-0: Foul Ball, location: 2F 1-1: Ball 2-1: Swinging Strike 2-2: Ball 3-2: Strikes out swinging
|
| Top of the 2nd over - 1 run, 2 hits, 0 errors, 0 left on base; New York 4 - California 0 |
| BOTTOM OF THE 2ND |
|
California Angels batting - Pitching for New York Yankees : RHP Steve Shields
|
|
Pitching: RHP Greg Field
|
|
|
Batting: LHB Brian Rosinski
|
0-0: Called Strike 0-1: Ball 1-1: Called Strike 1-2: Ball 2-2: Strikes out swinging
|
|
Batting: RHB Carlos Pimentel
|
0-0: Ball 1-0: Ball 2-0: SOLO HOME RUN (Flyball, 78XD, EV 94.4 MPH), Distance : 417 ft
|
|
Batting: SHB Manny Castillo
|
0-0: Foul Ball, location: 2F 0-1: SINGLE (Groundball, 34D, EV 99.4 MPH)
|
|
Batting: RHB Duke Hinds
|
0-0: Ball 1-0: Foul Ball, location: 2F 1-1: Ball 2-1: TRIPLE (Flyball, 89XD, EV 88.1 MPH) Manny Castillo scores
|
|
Batting: SHB Ignacio Medina
|
0-0: Ball 1-0: Called Strike 1-1: Ground out 6-3 (Groundball, 6, EV 102.5 MPH) Duke Hinds scores
|
|
Batting: RHB Charlie Moore
|
0-0: Foul Ball, location: 2F 0-1: Ball 1-1: Fly out, F8 (Line Drive, 8LD, EV 98.1 MPH)
|
| Bottom of the 2nd over - 3 runs, 3 hits, 0 errors, 0 left on base; New York 4 - California 3 |
| TOP OF THE 3RD |
|
New York Yankees batting - Pitching for California Angels : RHP David Smith
|
|
Batting: RHB Pedro Guerrero
|
0-0: SINGLE (Groundball, 5D, EV 95.6 MPH)
|
|
Batting: LHB Wade Boggs
|
0-0: Ball 1-0: Swinging Strike 1-1: Ground out 6-3 (Groundball, 6M, EV 99.4 MPH) Pedro Guerrero to second
|
|
Batting: LHB Kent Hrbek
|
0-0: Ball 1-0: Called Strike 1-1: Fly out, F9 (Flyball, 9LD, EV 86.3 MPH) Runner from 2nd tags up, SAFE at 3rd, no throw by RF
|
|
Batting: RHB David Hall
|
0-0: Ball 1-0: Foul Ball, location: 2F 1-1: Foul Ball, location: 2F 1-2: Foul Ball, location: 2F 1-2: Fly out, F8 (Flyball, 8LD, EV 105.0 MPH)
|
| Top of the 3rd over - 0 runs, 1 hit, 0 errors, 1 left on base; New York 4 - California 3 |
| BOTTOM OF THE 3RD |
|
California Angels batting - Pitching for New York Yankees : RHP Greg Field
|
|
Batting: RHB Frank White
|
0-0: Swinging Strike 0-1: Foul Ball, location: 2F 0-2: Ball 1-2: Foul Ball, location: 2F 1-2: Fly out, F7 (Flyball, 7LS, EV 90.6 MPH)
|
|
Batting: RHB Jeff Atherton
|
0-0: DOUBLE (Line Drive, 8RD, EV 105.0 MPH)
|
|
Batting: LHB Jason D Thompson
|
0-0: Called Strike 0-1: Ball 1-1: Ball 2-1: Foul Ball, location: 2F 2-2: Foul Ball, location: 2F 2-2: Strikes out swinging
|
|
Batting: LHB Brian Rosinski
|
0-0: SINGLE (Flyball, 8LS, EV 85.6 MPH) Jeff Atherton to third Runner from 3rd tries for Home, SAFE, throw by CF to home Brian Rosinski to second
|
|
Batting: RHB Carlos Pimentel
|
0-0: Ball 1-0: Ball 2-0: Foul Ball, location: 2F 2-1: Ball 3-1: Base on Balls
|
|
Batting: SHB Manny Castillo
|
0-0: Ball Passed Ball! Brian Rosinski to third Carlos Pimentel to second 1-0: 3-RUN HOME RUN (Flyball, 7LD, EV 110.0 MPH), Distance : 362 ft
|
|
Pitching: RHP Jeff Cornell
|
|
|
Batting: RHB Duke Hinds
|
0-0: Ball 1-0: Ball 2-0: Called Strike 2-1: Called Strike 2-2: Strikes out looking
|
| Bottom of the 3rd over - 4 runs, 3 hits, 0 errors, 0 left on base; New York 4 - California 7 |
| TOP OF THE 4TH |
|
New York Yankees batting - Pitching for California Angels : RHP David Smith
|
|
Batting: LHB George Kaage
|
0-0: Ball 1-0: Ball 2-0: Foul Ball, location: 2F 2-1: Foul Ball, location: 2F 2-2: Strikes out swinging
|
|
Batting: RHB Emanuel Cortez
|
0-0: Ball 1-0: Ball 2-0: Foul Ball, location: 2F 2-1: Swinging Strike 2-2: Ball 3-2: Ground out 3-1 (Groundball, 34, EV 79.4 MPH)
|
|
Batting: SHB Jerry Manuel
|
0-0: Foul Ball, location: 2F 0-1: Called Strike 0-2: Ball 1-2: Fly out, F5 (Line Drive, 5, EV 72.5 MPH)
|
| Top of the 4th over - 0 runs, 0 hits, 0 errors, 0 left on base; New York 4 - California 7 |
| BOTTOM OF THE 4TH |
|
California Angels batting - Pitching for New York Yankees : RHP Jeff Cornell
|
|
Batting: SHB Ignacio Medina
|
0-0: Ball 1-0: Ball 2-0: Called Strike 2-1: Ground out 4-3 (Groundball, 4M, EV 83.1 MPH)
|
|
Batting: RHB Charlie Moore
|
0-0: Called Strike 0-1: Ball 1-1: Ground out 6-3 (Groundball, 6, EV 91.3 MPH)
|
|
Batting: RHB Frank White
|
0-0: Called Strike 0-1: Called Strike 0-2: Ball 1-2: Foul Ball, location: 2F 1-2: Ball 2-2: Ball 3-2: Strikes out looking
|
| Bottom of the 4th over - 0 runs, 0 hits, 0 errors, 0 left on base; New York 4 - California 7 |
| TOP OF THE 5TH |
|
New York Yankees batting - Pitching for California Angels : RHP David Smith
|
|
Batting: LHB Ron Hassey
|
0-0: Ball 1-0: Fly out, F1 (Line Drive, P, EV 72.5 MPH)
|
|
Batting: SHB Tim Raines
|
0-0: Swinging Strike 0-1: Foul Ball, location: 2F 0-2: Ball 1-2: Strikes out looking
|
|
Batting: RHB Pedro Guerrero
|
0-0: Ball 1-0: SINGLE (Line Drive, 8RS, EV 102.5 MPH)
|
|
Batting: LHB Wade Boggs
|
0-0: Called Strike Pedro Guerrero is caught stealing 2nd base 2-6
|
| Top of the 5th over - 0 runs, 1 hit, 0 errors, 0 left on base; New York 4 - California 7 |
| BOTTOM OF THE 5TH |
|
California Angels batting - Pitching for New York Yankees : RHP Jeff Cornell
|
|
Batting: RHB Jeff Atherton
|
0-0: Ball 1-0: SOLO HOME RUN (Flyball, 7LD, EV 108.1 MPH), Distance : 344 ft
|
|
Batting: LHB Jason D Thompson
|
0-0: Ball 1-0: Called Strike 1-1: Called Strike 1-2: Ground out 6-3 (Groundball, 6D, EV 88.8 MPH)
|
|
Batting: LHB Brian Rosinski
|
0-0: Swinging Strike 0-1: Foul Ball, location: 2F 0-2: Ball 1-2: Foul Ball, location: 2F 1-2: Strikes out swinging
|
|
Batting: RHB Carlos Pimentel
|
0-0: Single, Error in OF, E7, batter to second base (Line Drive, 7S, EV 105.6 MPH)
|
|
Batting: SHB Manny Castillo
|
0-0: Called Strike 0-1: Called Strike 0-2: SINGLE (Line Drive, 8RS, EV 98.8 MPH) Carlos Pimentel to third Runner from 3rd tries for Home, SAFE, throw by CF to home
|
|
Batting: RHB Duke Hinds
|
0-0: Swinging Strike 0-1: Ball 1-1: Ball 2-1: Ball 3-1: Base on Balls Manny Castillo to second
|
|
Batting: SHB Ignacio Medina
|
0-0: Ground out U3 (Groundball, 34, EV 82.5 MPH)
|
| Bottom of the 5th over - 2 runs, 3 hits, 1 error, 2 left on base; New York 4 - California 9 |
| TOP OF THE 6TH |
|
New York Yankees batting - Pitching for California Angels : RHP David Smith
|
|
Batting: LHB Wade Boggs
|
0-0: Foul Ball, location: 2F 0-1: Ball 1-1: Foul Ball, location: 2F 1-2: Ball 2-2: Foul Ball, location: 2F 2-2: Ground out 3-1 (Groundball, 34, EV 87.5 MPH)
|
|
Batting: LHB Kent Hrbek
|
0-0: Ball 1-0: Foul Ball, location: 2F 1-1: Foul Ball, location: 2F 1-2: SINGLE (Line Drive, 3D, EV 99.4 MPH)
|
|
Batting: RHB David Hall
|
0-0: Called Strike 0-1: SINGLE (Groundball, 5S, EV 70.0 MPH) (infield hit) Kent Hrbek to second
|
|
Batting: LHB George Kaage
|
0-0: Fly out, F4 (Flyball, 4D, EV 83.8 MPH)
|
|
Batting: RHB Emanuel Cortez
|
0-0: Ball 1-0: 3-RUN HOME RUN (Flyball, 78XD, EV 106.9 MPH), Distance : 404 ft
|
|
Pitching: RHP LaMarr Hoyt
|
|
|
Batting: SHB Jerry Manuel
|
0-0: Called Strike 0-1: Called Strike 0-2: Strikes out swinging
|
| Top of the 6th over - 3 runs, 3 hits, 0 errors, 0 left on base; New York 7 - California 9 |
| BOTTOM OF THE 6TH |
|
California Angels batting - Pitching for New York Yankees : RHP Jeff Cornell
|
|
Batting: RHB Charlie Moore
|
0-0: Ball 1-0: Ground out 4-3 (Groundball, 4, EV 81.9 MPH)
|
|
Batting: RHB Frank White
|
0-0: Fly out, F8 (Flyball, 8RM, EV 85.6 MPH)
|
|
Batting: RHB Jeff Atherton
|
0-0: Foul Ball, location: 2F 0-1: Foul Ball, location: 2F 0-2: Ball 1-2: Ball 2-2: DOUBLE (Line Drive, 78XD, EV 110.6 MPH)
|
|
Batting: LHB Jason D Thompson
|
0-0: Ball 1-0: SINGLE (Groundball, 3D, EV 100.0 MPH) Jeff Atherton to third Runner from 3rd tries for Home, SAFE, throw by RF to home
|
|
Pitching: LHP Jose Paz
|
|
|
Batting: LHB Brian Rosinski
|
0-0: Called Strike 0-1: Swinging Strike 0-2: Strikes out swinging
|
| Bottom of the 6th over - 1 run, 2 hits, 0 errors, 1 left on base; New York 7 - California 10 |
| TOP OF THE 7TH |
|
New York Yankees batting - Pitching for California Angels : RHP LaMarr Hoyt
|
|
Batting: LHB Ron Hassey
|
0-0: Ball 1-0: Ground out 4-3 (Groundball, 4, EV 84.4 MPH)
|
|
Batting: SHB Tim Raines
|
0-0: Ball 1-0: Ball 2-0: Ball 3-0: Base on Balls
|
|
Batting: RHB Pedro Guerrero
|
0-0: Ball 1-0: Ball 2-0: Called Strike 2-1: Ball 3-1: Grounds into double play, 6-4-3 (Groundball, 6D, EV 81.9 MPH)
|
| Top of the 7th over - 0 runs, 0 hits, 0 errors, 0 left on base; New York 7 - California 10 |
| BOTTOM OF THE 7TH |
|
California Angels batting - Pitching for New York Yankees : LHP Jose Paz
|
|
Batting: RHB Carlos Pimentel
|
0-0: Ball 1-0: Called Strike 1-1: Ball 2-1: Foul Ball, location: 2F 2-2: Ball 3-2: Strikes out swinging
|
|
Batting: SHB Manny Castillo
|
0-0: Ball 1-0: Foul Ball, location: 2F 1-1: Ball 2-1: Fly out, F7 (Flyball, 7LM, EV 96.3 MPH)
|
|
Batting: RHB Duke Hinds
|
0-0: Fly out, F8 (Flyball, 8RD, EV 98.1 MPH)
|
| Bottom of the 7th over - 0 runs, 0 hits, 0 errors, 0 left on base; New York 7 - California 10 |
| TOP OF THE 8TH |
|
New York Yankees batting - Pitching for California Angels : RHP LaMarr Hoyt
|
|
Batting: LHB Wade Boggs
|
0-0: Ground out 6-3 (Groundball, 56, EV 111.3 MPH)
|
|
Batting: LHB Kent Hrbek
|
0-0: Ball 1-0: Ball 2-0: Foul Ball, location: 2F 2-1: Foul Ball, location: 2F 2-2: Foul Ball, location: 2F 2-2: Fly out, F8 (Flyball, 78M, EV 75.0 MPH)
|
|
Batting: RHB David Hall
|
0-0: Foul Ball, location: 2F 0-1: Ball 1-1: Fly out, F8 (Line Drive, 8RM, EV 90.6 MPH)
|
| Top of the 8th over - 0 runs, 0 hits, 0 errors, 0 left on base; New York 7 - California 10 |
| BOTTOM OF THE 8TH |
|
California Angels batting - Pitching for New York Yankees : LHP Jose Paz
|
|
Batting: SHB Ignacio Medina
|
0-0: Swinging Strike 0-1: Swinging Strike 0-2: Ball 1-2: Strikes out swinging
|
|
Batting: RHB Charlie Moore
|
0-0: Called Strike 0-1: Called Strike 0-2: Ball 1-2: Foul Ball, location: 2F 1-2: Foul Ball, location: 2F 1-2: Foul Ball, location: 2F 1-2: Strikes out swinging, 2-3 out at first.
|
|
Batting: RHB Frank White
|
0-0: Called Strike 0-1: Ground out 6-3 (Groundball, 6, EV 106.9 MPH)
|
| Bottom of the 8th over - 0 runs, 0 hits, 0 errors, 0 left on base; New York 7 - California 10 |
| TOP OF THE 9TH |
|
New York Yankees batting - Pitching for California Angels : RHP LaMarr Hoyt
|
|
Batting: LHB George Kaage
|
0-0: Swinging Strike 0-1: Ball 1-1: Swinging Strike 1-2: Ball 2-2: Strikes out swinging
|
|
Batting: RHB Emanuel Cortez
|
0-0: Ball 1-0: Ball 2-0: Called Strike 2-1: Ball 3-1: Base on Balls
|
|
Batting: SHB Jerry Manuel
|
0-0: Ball 1-0: Called Strike 1-1: Ball 2-1: Foul Ball, location: 2F 2-2: Fly out, F9 (Flyball, 89M, EV 93.1 MPH)
|
|
Batting: LHB Ron Hassey
|
0-0: Swinging Strike 0-1: Ground out 4-3 (Groundball, 34D, EV 101.9 MPH)
|
| Top of the 9th over - 0 runs, 0 hits, 0 errors, 1 left on base; New York 7 - California 10 |
|